 Dungeon Crawl Stone Soup version 0.30-a0-782-ge64f9170bb (webtiles) character file.

Game seed: 11139366308901400984

224 Querens the Magician (level 6, -4/46 HPs)
             Began as a Djinni Hedge Wizard on Feb 27, 2023.
             Slain by a necrophage (7 damage)
             ... on level 3 of the Dungeon.
             The game lasted 00:10:58 (2168 turns).

Querens the Magician (Djinni Hedge Wizard)          Turns: 2168, Time: 00:10:59

Health: -4/46      AC:  5    Str:  9    XL:     6   Next: 20%
Gold:   189        EV: 12    Int: 17    God:
                   SH:  5    Dex: 13

rFire   + + .      SeeInvis +    a - +0 dagger
rCold   x . .      Faith    .    (no shield)
rNeg    . . .      Spirit   .    b - +0 robe
rPois   ∞          Reflect  +    B - +0 helmet
rElec   .          Harm     .    x - +0 cloak
rCorr   .          Rampage  .    w - +0 pair of gloves
Will    .....                    (boots unavailable)
Stlth   ++                       l - amulet of reflection
HPRegen 0.27/turn                m - ring of see invisible
MPRegen 0.00/turn                (no ring)

@: attractive, flying
A: sickness immunity, fire resistance 2, cold vulnerability 1, float, innate
caster, HP casting, extra vitality 1
a: no special abilities


You were on level 3 of the Dungeon.
You visited 1 branch of the dungeon, and saw 4 of its levels.

You collected 189 gold pieces.

Inventory:

Hand Weapons
 a - a +0 dagger (weapon)
 y - a +0 arbalest of freezing
Armour
 b - a +0 robe (worn)
 w - a +0 pair of gloves (worn)
 x - a +0 cloak (worn)
 B - a +0 helmet (worn)
Jewellery
 e - a ring of fire
 l - an amulet of reflection (around neck)
 m - a ring of see invisible (left hand)
Scrolls
 c - a scroll of enchant weapon {unknown}
 d - a scroll of magic mapping {unknown}
 g - a scroll of teleportation {unknown}
 h - 5 scrolls of identify {unknown}
 j - 2 scrolls of enchant armour {unknown}
 o - 3 scrolls of immolation {unknown}
 q - a scroll of fog {unknown}
 s - 2 scrolls of noise {unknown}
 v - a scroll of summoning {unknown}
Potions
 f - 2 potions of flight {unknown}
 i - 2 potions of lignification {unknown}
 k - 2 potions of curing {unknown}
 p - 2 potions of degeneration {unknown}
 r - 2 potions of attraction
 t - 2 potions of might {unknown}
 u - 2 potions of haste {unknown}
 z - a potion of heal wounds {unknown}
 A - 2 potions of cancellation {unknown}


   Skills:
 + Level 3.0 Fighting
 + Level 2.7 Short Blades
 - Level 2.1 Dodging
 - Level 1.5 Stealth
 + Level 3.4 Spellcasting


You couldn't memorise any spells.
You knew the following spells:

 Your Spells              Type           Power      Damage    Failure   Level
a - Magic Dart            Conj           56%        1d5       4%          1
b - Slow                  Hex            56%        N/A       4%          1
c - Blink                 Tloc           28%        N/A       6%          2
d - Call Imp              Summ           14%        N/A       6%          2
e - Mephitic Cloud        Conj/Pois/Air  14%        N/A       12%         3
f - Summon Small Mammal   Summ           56%        N/A       4%          1
g - Static Discharge      Conj/Air       28%        2-4/arc   6%          2
Your spell library was empty.

Dungeon Overview and Level Annotations

Branches:
Dungeon (4/15)
 Temple: D:4-7

Altars:
Hepliaklqana


Innate Abilities, Weirdness & Mutations

You are immune to sickness and miasma.
You are immune to poison.
Your flesh is very heat resistant. (rF++)
You are vulnerable to cold. (rC-)
You float through the air rather than walking.
You learn spells naturally, not from books.
Your magical power is your life essence.
You have superior vitality. (+4 MHP)


Message History

Unknown command.
The phantom attacks as you move away! The phantom barely misses you.
The hound barely misses the scorpion.
The hound bites the phantom.
Casting: Static Discharge (safe; 6% risk of failure)
Confirm with . or Enter, or press ? or * to list all spells.
The necrophage is struck by an arc of lightning.
The necrophage is severely damaged.
You are struck by an arc of lightning.
* * * LOW HITPOINT WARNING * * *
The lightning grounds out.
* * * LOW HITPOINT WARNING * * *
The hound closely misses the ball python.
The necrophage barely misses you.
Unknown command.
Unknown command.
The hound bites the orc but does no damage.
The hound misses something.
Something stings the orc.
The orc is killed!
Your magical contamination has completely faded away.
The necrophage attacks as you move away!
The necrophage hits you.
* * * LOW HITPOINT WARNING * * *
The necrophage attacks as you move away!
The necrophage hits you but does no damage.
You feel a bit more experienced.
The necrophage attacks as you move away!
The necrophage misses you.
The necrophage attacks as you move away!
The necrophage hits you!
* * * LOW HITPOINT WARNING * * *
There is a stone staircase leading up here.
You need no library to learn spells.
The necrophage barely misses you.
You fly upwards.
There is a stone staircase leading down here.
It was a potion of attraction.
You feel attractive to monsters. The necrophage hits you!
You die...

.# #.......# #.# .#
######### #.# .####
#.# ....# #######
###.# .##.# #.....#
#...# .##.####.....#
###...###
..#..........#
#.......#
#.#.####.....#
#n......#
#.#.####.....#
#@....>.#
.......#######
###...### .#..##.#
#...# .#..##.# ##.##
....##.# #.#
.#.###.####### #.#
.............# #.#
.#.###.#####.######.#
.#..................#


You could see a necrophage.

Vanquished Creatures
  An iguana (D:3)
  Robin (D:4)
  4 adders
  A shadow imp (D:4)
  2 worms
  A dart slug (D:1)
  2 orcs (D:4)
  5 bats
  4 endoplasms (D:4)
  4 giant cockroaches
  10 goblins
  3 hobgoblins
  4 jackals (D:3)
  6 ball pythons
  6 kobolds
  7 rats
61 creatures vanquished.

Vanquished Creatures (collateral kills)
  A scorpion (D:4)
  An orc (D:4)
  5 endoplasms
  2 goblins (D:4)
  A hobgoblin (D:4)
  A kobold (D:2)
  2 quokkas
  2 frilled lizards (D:1)
  A rat (D:2)
16 creatures vanquished.

Vanquished Creatures (others)
  A human (D:3)
1 creature vanquished.

Grand Total: 78 creatures vanquished

Notes
Turn   | Place    | Note
-------+----------+-------------------------------------------
     0 | D:1      | Querens the Djinni Hedge Wizard began the quest for the
                  | Orb.
     0 | D:1      | Querens set off with the following spells memorised: Magic
                  | Dart, Slow, Blink, Call Imp, Mephitic Cloud.
     0 | D:1      | Reached XP level 1. HP: 15/15 MP: 0/0
   116 | D:1      | Reached XP level 2. HP: 11/22 MP: 0/0
   222 | D:1      | Reached skill level 1 in Fighting
   240 | D:1      | Reached skill level 1 in Short Blades
   331 | D:1      | Reached XP level 3. HP: 26/27 MP: 0/0
   331 | D:1      | Learned a level 1 spell: Summon Small Mammal
  1092 | D:3      | Reached XP level 4. HP: 30/32 MP: 0/0
  1510 | D:3      | Noticed a human
  1513 | D:3      | Killed a human
  1539 | D:4      | Noticed a scorpion
  1547 | D:4      | Killed a scorpion
  1548 | D:4      | Reached XP level 5. HP: 34/39 MP: 0/0
  1548 | D:4      | Learned a level 2 spell: Static Discharge
  1946 | D:4      | Noticed Robin
  1951 | D:4      | Reached XP level 6. HP: 34/45 MP: 0/0
  2011 | D:4      | Killed Robin
  2075 | D:4      | Found a hazy altar of Hepliaklqana.
  2164 | D:4      | HP: 2/46 [necrophage (7)]
  2168 | D:3      | Slain by a necrophage

Illustrated notes

Levels and vault maps discovered:
D:1:      wander_arrival_estate, layout_basic, minmay_3d_cube
D:2:      layout_loops_ring
D:3:      layout_loops_cross, tgw_kikubaaqudgha
D:4:      cheibrodos_barr_body, layout_cave_pods, nzn_hepliaklqana_mist_gate,
          uniq_robin

Skill      XL: |  1  2  3  4  5  6 |
---------------+-------------------+-----
Fighting       | 1 2 3 |  3.0
Short Blades   | 1 2 |  2.7
Spellcasting   | 3 |  3.4
Dodging        | |  2.1
Stealth        | |  1.5

Action                     |  1- 3 |  4- 6 || total
---------------------------+-------+-------++-------
  Melee: Dagger            |     7 |    60 ||    67
         Punch             |       |     1 ||     1
   Fire: Arbalest          |       |    14 ||    14
   Cast: Magic Dart        |    54 |    30 ||    84
         Call Imp          |     9 |     5 ||    14
         Mephitic Cloud    |       |     9 ||     9
         Static Discharge  |       |    12 ||    12
    Use: Potion            |       |     1 ||     1
   Stab: Sleeping          |     1 |     1 ||     2
         Confused          |       |     4 ||     4
 Armour: Robe              |     2 |    14 ||    16
  Dodge: Dodged            |    24 |    47 ||    71
  Block: Other             |     3 |    23 ||    26
         Reflection        |     1 |       ||     1

Table legend: (Time is in decaauts)
 A = Elapsed time spent in this place.
 B = Non-inter-level travel time spent in this place.
 C = Inter-level travel time spent in this place.
 D = Time resting spent in this place.
 E = Time spent auto-exploring this place.
 F = Levels seen in this place.
 G = Mean time per level.
                   A        B        C        D        E       F      G
               +--------+--------+--------+--------+--------+-----+--------+
         Total |   2170 |   2026 |    144 |      0 |      0 |   4 |  542.5 |
       Dungeon |   2170 |   2026 |    144 |      0 |      0 |   4 |  542.5 |
               +--------+--------+--------+--------+--------+-----+--------+

Top non-repeatable levels by time:
     D:4: 633 daAuts
     D:2: 530 daAuts
     D:1: 507 daAuts
     D:3: 499 daAuts
